 Dungeon Crawl Stone Soup version 0.30.1-3-gfc49f6343a (webtiles) character file.

Game seed: 13006403532697028581

2 leafyfresh the Covert (level 1, -2/23 HPs)
             Began as a Gnoll Delver on Aug 4, 2023.
             Slain by a hound (4 damage)
             ... on level 5 of the Dungeon.
             The game lasted 00:00:10 (35 turns).

leafyfresh the Covert (Gnoll Delver)                  Turns: 35, Time: 00:00:10

Health: -2/23      AC:  3    Str: 11    XL:     1   Next: 30%
Magic:  1/1        EV: 13    Int:  9    God:
Gold:   8          SH:  0    Dex: 13    Spells: 0/0 levels left

rFire   . . .        a - +0 short sword
rCold   . . .        (no shield)
rNeg    . . .        b - +0 leather armour
rPois   .            (no helmet)
rElec   .            (no cloak)
rCorr   .            (no gloves)
SInv    .            (no boots)
Will    .....        (no amulet)
Stlth   ++++         (no ring)
HPRegen 0.23/turn    (no ring)
MPRegen 0.07/turn

%: no passive effects
@: marked
A: fangs 1, strong nose, distributed training
a: no special abilities


You were on level 5 of the Dungeon.
You visited 1 branch of the dungeon, and saw 1 of its levels.

You collected 8 gold pieces.

Inventory:

Hand Weapons
 a - a +0 short sword (weapon)
Armour
 b - a +0 leather armour (worn)
Wands
 g - a wand of digging (3)
Scrolls
 c - a scroll of fog
 d - a scroll of magic mapping
 e - a scroll of fear
Potions
 f - a potion of haste


   Skills:
 + Level 6.4 Fighting
 + Level 4.4 Short Blades
 + Level 0.0 Long Blades
 + Level 0.0 Axes
 + Level 0.0 Maces & Flails
 + Level 0.0 Polearms
 + Level 0.0 Staves
 + Level 0.0 Ranged Weapons
 + Level 0.0 Throwing
 + Level 0.0 Armour
 + Level 4.4 Dodging
 + Level 9.5 Stealth
 + Level 0.0 Shields
 + Level 0.0 Unarmed Combat
 + Level 0.0 Spellcasting
 + Level 0.0 Conjurations
 + Level 0.0 Hexes
 + Level 0.0 Summonings
 + Level 0.0 Necromancy
 + Level 0.0 Translocations
 + Level 0.0 Transmutations
 + Level 0.0 Fire Magic
 + Level 0.0 Ice Magic
 + Level 0.0 Air Magic
 + Level 0.0 Earth Magic
 + Level 0.0 Poison Magic
 + Level 0.1 Invocations
 + Level 0.0 Evocations


You couldn't memorise any spells.
You didn't know any spells.
Your spell library was empty.

Dungeon Overview and Level Annotations

Branches:
Dungeon (5/15)
 Temple: D:4-7

Altars:


Innate Abilities, Weirdness & Mutations

You have very sharp teeth.
Your uncanny sense of smell can sniff out nearby items.
Your experience applies equally to all skills.


Message History

Unknown command.
You hit the orc but do no damage.
The orc is heavily wounded.
The orc closely misses you.
An orc priest comes into view. It is wielding a +0 hand axe.
The hound closely misses you. x2
Unknown command.
You hit the orc.
The orc is severely wounded.
The hound barely misses you. x2; The orc barely misses you.
Unknown command.
You hit the orc.
You kill the orc!
The hound bites you.
A quokka comes into view.
The hound bites you but does no damage.
Unknown command.
The hound attacks as you move away! The hound closely misses you.
The hound bites you but does no damage.
An orc wizard comes into view. It is wielding a +0 dagger.
Things that are here:
a +0 trident; a scroll labelled SUMUTU YNABB Unknown command.
Unknown command.
The hound bites you.
An orc comes into view. It is wielding a +0 flail.
You hit the hound but do no damage. Your bite misses the hound.
You closely miss the hound. The hound bites you. The hound barely misses you.
The hound bites you. x2
* * * LOW HITPOINT WARNING * * *
You barely miss the hound. Your bite misses the hound.
An orc comes into view. It is wielding a +0 club.
The hound bites you.
* * * LOW HITPOINT WARNING * * *
The hound bites you.
* * * LOW HITPOINT WARNING * * *
You hit the hound.
The hound is lightly wounded.
The hound bites you.
You die...

.. .r. ∆###.# #
#... ..#.# .#
#..#####.#.###.###
#......#.#........
#!o.ro#h#........
#osh@#........∆
#oo###........ ###
##.###.#########
....
#>............#..#
######.[####....#
##.##....###
#..#.##.#
##..>...# ∆
########


You could see a scorpion, 2 hounds, an orc priest, an orc wizard, 3 orcs and a
quokka.

Vanquished Creatures
  An orc (D:5)
1 creature vanquished.

Notes
Turn   | Place    | Note
-------+----------+-------------------------------------------
     0 | D:5      | Reached skill level 9 in Stealth
     0 | D:5      | leafyfresh the Gnoll Delver began the quest for the Orb.
     0 | D:5      | Reached XP level 1. HP: 23/23 MP: 1/1
    18 | D:5      | Noticed a hound
    19 | D:5      | Noticed a hound
    22 | D:5      | Noticed a scorpion
    27 | D:5      | Noticed an orc priest
    30 | D:5      | Noticed an orc wizard
    35 | D:5      | Slain by a hound

Illustrated notes

Levels and vault maps discovered:
D:5:      layout_basic, nicolae_ossuary_entry_plus, nicolae_wooded_promenade

Skill      XL: | |
---------------+-+-----
Stealth        | |  9.5
Fighting       | |  6.4
Short Blades   | |  4.4
Dodging        | |  4.4
Invocations    | |  0.1

Action                     || total
---------------------------++-------
  Melee: Short sword       ||    13
 Armour: Leather armour    ||     5
  Dodge: Dodged            ||    16
